[ AOE2 MATCH · #459854135 ]
UnrankedSaracens vs Lithuanians
[ REPLAY ANALYSIS · EXTRACTED FROM THE RECORDED GAME ]
Feudal
11:21
Castle
15:01
Imperial
29:03
| APM avg | 52.6 |
| APM peak | 105 |
| eAPM avg | 26.0 |
| Villagers / military | 169 / 144 |
Focus
⚔️ 32.9% · 🌾 67.1%
Archer ×67 · Mameluke ×63 · Trebuchet (Packed) ×10 · Monk ×2 · Bombard Cannon ×2
Feudal
11:08
Castle
14:54
Imperial
29:33
| APM avg | 31.5 |
| APM peak | 86 |
| eAPM avg | 21.1 |
| Villagers / military | 187 / 256 |
Focus
⚔️ 29.3% · 🌾 70.7%
Leitis ×169 · Spearman ×65 · Trebuchet (Packed) ×18 · Monk ×3 · Knight ×1
Feudal
11:58
Castle
15:51
Imperial
38:07
| APM avg | 56.9 |
| APM peak | 104 |
| eAPM avg | 31.3 |
| Villagers / military | 118 / 143 |
Focus
⚔️ 36.0% · 🌾 64.0%
Fire Lancer ×95 · Archer ×40 · Scorpion ×4 · Iron Pagoda ×2 · Monk ×1 · Petard ×1
Feudal
10:22
Castle
14:50
Imperial
30:02
| APM avg | 22.5 |
| APM peak | 52 |
| eAPM avg | 17.0 |
| Villagers / military | 151 / 116 |
Focus
⚔️ 33.1% · 🌾 66.9%
Battle Elephant ×116
Feudal
11:15
Castle
15:12
Imperial
29:07
| APM avg | 33.9 |
| APM peak | 97 |
| eAPM avg | 21.2 |
| Villagers / military | 133 / 91 |
Focus
⚔️ 25.3% · 🌾 74.7%
Spearman ×59 · Camel Scout ×28 · Trebuchet (Packed) ×4
Feudal
11:27
Castle
15:51
Imperial
31:07
| APM avg | 67.1 |
| APM peak | 125 |
| eAPM avg | 33.4 |
| Villagers / military | 178 / 187 |
Focus
⚔️ 37.9% · 🌾 62.1%
Spearman ×151 · Monaspa ×28 · Trebuchet (Packed) ×6 · Petard ×2
Feudal
10:01
Castle
17:01
Imperial
38:56
| APM avg | 30.6 |
| APM peak | 56 |
| eAPM avg | 17.5 |
| Villagers / military | 110 / 109 |
Focus
⚔️ 35.4% · 🌾 64.6%
Camel Scout ×87 · Scout Cavalry ×14 · Mangonel ×5 · Bombard Cannon ×2 · Scorpion ×1
Feudal
9:41
Castle
14:05
Imperial
31:00
| APM avg | 59.2 |
| APM peak | 117 |
| eAPM avg | 34.7 |
| Villagers / military | 166 / 181 |
Focus
⚔️ 33.4% · 🌾 66.6%
Spearman ×133 · Archer ×19 · Skirmisher ×17 · Longbowman ×9 · Trebuchet (Packed) ×3
Match map
Initial resources + every placement click. Lines = walls · curves = elevation contours. ◆ gold · ⬟ stone · ● berries · ✦ relic · ◌ wall gap
Your base· ✓ Closed at 15:01 · 0t walls · 2 gate(s)
gggggggggggg's base· ✓ Closed at 14:54 · 0t walls · 6 gate(s)
MZTK | DeSilentio's base· ✓ Closed at 15:51 · 0t walls · 2 gate(s)
johnnyboy's base· ✓ Closed at 14:50 · 0t walls · 2 gate(s)
MZTK | Guss's base· ✓ Closed at 15:12 · 0t walls · 2 gate(s)
教授's base· ✓ Closed at 15:51 · 0t walls · 3 gate(s)
641627092's base· ✓ Closed at 17:01 · 3t walls · 5 gate(s)
MZTK | Orocar's base· ✓ Closed at 14:05 · 0t walls · 2 gate(s)
Smoothed initial terrain · ◌ = detected wall gap · hover for details
Inputs per minute
— Jack :) - - gggggggggggg
Build order — Jack :)
First 150 of 550 actions detected
| 0:00 | Create | Villager (Male) |
| 0:01 | Create | Villager (Male) |
| 0:01 | Create | Villager (Male) |
| 0:01 | Create | Villager (Male) |
| 0:01 | Create | Villager (Male) |
| 0:02 | Build | House |
| 0:04 | Build | House |
| 1:26 | Create | Villager (Male) |
| 1:26 | Create | Villager (Male) |
| 1:49 | Build | Lumber Camp |
| 1:59 | Create | Villager (Male) |
| 2:20 | Create | Villager (Male) |
| 2:20 | Create | Villager (Male) |
| 2:47 | Create | Villager (Male) |
| 3:13 | Create | Villager (Male) |
| 3:24 | Build | House |
| 3:25 | Build | House |
| 3:46 | Create | Villager (Male) |
| 3:46 | Create | Villager (Male) |
| 3:46 | Create | Villager (Male) |
| 4:11 | Create | Villager (Male) |
| 4:11 | Create | Villager (Male) |
| 4:39 | Create | Villager (Male) |
| 4:39 | Create | Villager (Male) |
| 4:45 | Build | Mill |
| 4:48 | Build | Mill |
| 4:55 | Create | Villager (Male) |
| 4:55 | Create | Villager (Male) |
| 4:55 | Create | Villager (Male) |
| 5:15 | Create | Villager (Male) |
| 5:55 | Create | Villager (Male) |
| 5:56 | Create | Villager (Male) |
| 5:57 | Build | Lumber Camp |
| 6:02 | Create | Villager (Male) |
| 6:14 | Create | Villager (Male) |
| 6:14 | Create | Villager (Male) |
| 7:02 | Build | Mill |
| 7:22 | Build | House |
| 7:40 | Build | Farm |
| 7:53 | Build | House |
| 8:08 | Create | Villager (Male) |
| 8:08 | Create | Villager (Male) |
| 8:20 | Build | Farm |
| 8:51 | Build | Farm |
| 9:05 | Research | Feudal Age |
| 9:13 | Build | Mining Camp |
| 10:01 | Create | Villager (Male) |
| 10:01 | Create | Villager (Male) |
| 11:21 | Age | Feudal Age |
| 11:28 | Build | Blacksmith |
| 11:31 | Build | Market |
| 11:43 | Build | Farm |
| 12:21 | Research | Castle Age |
| 12:21 | Research | Castle Age |
| 12:47 | Research | Double-Bit Axe |
| 12:58 | Build | Farm |
| 13:18 | Research | Horse Collar |
| 13:18 | Research | Horse Collar |
| 14:50 | Create | Villager (Male) |
| 14:50 | Create | Villager (Male) |
| 15:01 | Age | Castle Age |
| 15:02 | Build | Town Center |
| 15:06 | Build | Town Center |
| 15:26 | Build | Town Center |
| 15:29 | Create | Villager (Male) |
| 15:41 | Build | Farm |
| 15:43 | Build | Farm |
| 16:14 | Research | Bow Saw |
| 16:15 | Create | Villager (Male) |
| 16:28 | Create | Villager (Male) |
| 16:29 | Create | Villager (Male) |
| 16:39 | Create | Villager (Male) |
| 16:45 | Create | Villager (Male) |
| 16:49 | Create | Villager (Male) |
| 16:50 | Create | Villager (Male) |
| 16:50 | Create | Villager (Male) |
| 16:53 | Build | Farm |
| 16:53 | Build | Farm |
| 16:53 | Build | Farm |
| 16:54 | Build | Farm |
| 16:54 | Build | Farm |
| 16:54 | Build | Farm |
| 17:11 | Create | Villager (Male) |
| 17:11 | Create | Villager (Male) |
| 17:16 | Build | House |
| 17:17 | Build | House |
| 17:23 | Build | Farm |
| 17:23 | Build | Farm |
| 17:23 | Build | Farm |
| 17:24 | Build | Farm |
| 17:24 | Build | Farm |
| 17:31 | Create | Villager (Male) |
| 17:31 | Create | Villager (Male) |
| 17:32 | Build | Farm |
| 17:39 | Create | Villager (Male) |
| 17:40 | Create | Villager (Male) |
| 17:46 | Create | Villager (Male) |
| 17:47 | Create | Villager (Male) |
| 18:00 | Create | Villager (Male) |
| 18:04 | Build | House |
| 18:10 | Create | Villager (Male) |
| 18:12 | Build | Farm |
| 18:15 | Build | Farm |
| 18:18 | Build | Farm |
| 18:21 | Build | Farm |
| 18:24 | Build | Farm |
| 18:25 | Create | Villager (Male) |
| 18:25 | Create | Villager (Male) |
| 18:25 | Create | Villager (Male) |
| 18:31 | Build | Farm |
| 18:38 | Create | Villager (Male) |
| 18:38 | Create | Villager (Male) |
| 18:38 | Create | Villager (Male) |
| 18:41 | Build | Farm |
| 18:45 | Build | Farm |
| 18:50 | Build | Farm |
| 18:52 | Create | Villager (Male) |
| 18:52 | Create | Villager (Male) |
| 18:55 | Build | House |
| 19:01 | Create | Villager (Male) |
| 19:09 | Create | Villager (Male) |
| 19:09 | Create | Villager (Male) |
| 19:11 | Build | Farm |
| 19:14 | Create | Villager (Male) |
| 19:19 | Create | Villager (Male) |
| 19:19 | Create | Villager (Male) |
| 19:20 | Build | House |
| 19:40 | Build | Farm |
| 19:41 | Create | Villager (Male) |
| 19:41 | Create | Villager (Male) |
| 19:41 | Create | Villager (Male) |
| 19:45 | Build | Monastery |
| 19:47 | Create | Villager (Male) |
| 19:54 | Build | Lumber Camp |
| 20:09 | Build | House |
| 20:13 | Create | Villager (Male) |
| 20:13 | Create | Villager (Male) |
| 20:14 | Build | Farm |
| 20:17 | Build | Farm |
| 20:20 | Create | Villager (Male) |
| 20:21 | Create | Villager (Male) |
| 20:21 | Create | Villager (Male) |
| 20:28 | Create | Villager (Male) |
| 20:33 | Build | Farm |
| 20:33 | Build | Farm |
| 20:33 | Build | Farm |
| 20:33 | Build | Farm |
| 20:33 | Build | Farm |
| 20:38 | Create | Villager (Male) |
| 20:38 | Create | Villager (Male) |
Build order — gggggggggggg
First 150 of 484 actions detected
| 0:04 | Create | Villager (Male) |
| 0:04 | Create | Villager (Male) |
| 0:05 | Create | Villager (Male) |
| 0:05 | Create | Villager (Male) |
| 0:06 | Build | House |
| 0:08 | Build | House |
| 0:11 | Create | Villager (Male) |
| 0:12 | Create | Villager (Male) |
| 0:12 | Create | Villager (Male) |
| 1:28 | Create | Villager (Male) |
| 1:59 | Build | Lumber Camp |
| 2:06 | Create | Villager (Male) |
| 2:07 | Create | Villager (Male) |
| 2:33 | Create | Villager (Male) |
| 2:48 | Create | Villager (Male) |
| 2:48 | Create | Villager (Male) |
| 3:41 | Create | Villager (Male) |
| 3:42 | Create | Villager (Male) |
| 3:52 | Build | House |
| 3:53 | Build | House |
| 4:29 | Build | Mill |
| 4:31 | Create | Villager (Male) |
| 5:10 | Create | Villager (Male) |
| 5:10 | Create | Villager (Male) |
| 5:11 | Create | Villager (Male) |
| 5:17 | Build | House |
| 5:37 | Create | Villager (Male) |
| 5:37 | Create | Villager (Male) |
| 5:46 | Build | Palisade Gate |
| 5:54 | Build | Palisade Gate |
| 6:03 | Build | Palisade Gate |
| 6:09 | Build | Palisade Gate |
| 6:47 | Create | Villager (Male) |
| 6:48 | Create | Villager (Male) |
| 7:09 | Build | Farm |
| 7:12 | Build | Farm |
| 8:08 | Create | Villager (Male) |
| 8:08 | Create | Villager (Male) |
| 8:37 | Build | Mining Camp |
| 8:43 | Research | Feudal Age |
| 11:08 | Age | Feudal Age |
| 11:14 | Build | Market |
| 11:17 | Build | Blacksmith |
| 11:24 | Create | Villager (Male) |
| 11:25 | Create | Villager (Male) |
| 11:58 | Research | Double-Bit Axe |
| 12:00 | Research | Castle Age |
| 12:01 | Research | Castle Age |
| 12:20 | Research | Horse Collar |
| 12:38 | Build | Farm |
| 12:41 | Build | Farm |
| 12:58 | Build | House |
| 12:59 | Build | House |
| 14:38 | Create | Villager (Male) |
| 14:39 | Create | Villager (Male) |
| 14:54 | Age | Castle Age |
| 15:00 | Build | Town Center |
| 15:04 | Build | Town Center |
| 15:15 | Build | Monastery |
| 15:27 | Build | Lumber Camp |
| 15:29 | Research | Bow Saw |
| 15:30 | Create | Villager (Male) |
| 15:52 | Create | Villager (Male) |
| 16:03 | Create | Monk |
| 16:17 | Research | Heavy Plow |
| 16:23 | Create | Villager (Male) |
| 16:24 | Create | Villager (Male) |
| 16:33 | Create | Villager (Male) |
| 16:34 | Create | Villager (Male) |
| 16:40 | Build | Farm |
| 16:41 | Build | Farm |
| 16:54 | Create | Monk |
| 16:57 | Create | Villager (Male) |
| 16:57 | Create | Villager (Male) |
| 17:07 | Build | Farm |
| 17:08 | Create | Villager (Male) |
| 17:12 | Create | Villager (Male) |
| 17:13 | Create | Villager (Male) |
| 17:13 | Create | Villager (Male) |
| 17:25 | Create | Villager (Male) |
| 17:26 | Create | Villager (Male) |
| 17:41 | Build | Farm |
| 17:41 | Build | Farm |
| 17:41 | Build | Farm |
| 17:42 | Build | Farm |
| 17:42 | Build | Farm |
| 17:43 | Create | Villager (Male) |
| 17:44 | Create | Villager (Male) |
| 18:03 | Create | Villager (Male) |
| 18:03 | Create | Villager (Male) |
| 18:05 | Build | Farm |
| 18:09 | Build | Farm |
| 18:10 | Build | Farm |
| 18:14 | Build | Farm |
| 18:21 | Create | Villager (Male) |
| 18:21 | Create | Villager (Male) |
| 18:21 | Create | Villager (Male) |
| 18:42 | Create | Villager (Male) |
| 18:42 | Create | Villager (Male) |
| 18:48 | Build | Town Center |
| 18:51 | Create | Villager (Male) |
| 18:52 | Create | Villager (Male) |
| 18:56 | Create | Villager (Male) |
| 18:56 | Create | Villager (Male) |
| 19:09 | Create | Villager (Male) |
| 19:12 | Build | House |
| 19:13 | Build | House |
| 19:16 | Research | Loom |
| 19:20 | Build | Farm |
| 19:27 | Create | Villager (Male) |
| 19:27 | Create | Villager (Male) |
| 19:38 | Create | Villager (Male) |
| 19:48 | Create | Villager (Male) |
| 19:48 | Create | Villager (Male) |
| 19:49 | Create | Villager (Male) |
| 19:50 | Create | Villager (Male) |
| 19:53 | Create | Villager (Male) |
| 19:56 | Build | Farm |
| 19:59 | Build | House |
| 20:01 | Build | House |
| 20:01 | Create | Villager (Male) |
| 20:15 | Create | Monk |
| 20:17 | Create | Villager (Male) |
| 20:20 | Create | Villager (Male) |
| 20:20 | Create | Villager (Male) |
| 20:25 | Build | Town Center |
| 20:26 | Create | Villager (Male) |
| 20:27 | Create | Villager (Male) |
| 20:33 | Build | Farm |
| 20:33 | Build | Farm |
| 20:45 | Research | Town Watch |
| 20:57 | Create | Villager (Male) |
| 20:57 | Create | Villager (Male) |
| 21:05 | Create | Villager (Male) |
| 21:12 | Build | Farm |
| 21:12 | Build | Farm |
| 21:13 | Build | Farm |
| 21:13 | Build | Farm |
| 21:15 | Create | Villager (Male) |
| 21:17 | Build | House |
| 21:19 | Build | House |
| 21:33 | Create | Villager (Male) |
| 21:43 | Create | Villager (Male) |
| 21:43 | Create | Villager (Male) |
| 21:48 | Build | Farm |
| 21:48 | Build | Farm |
| 21:52 | Build | University |
| 21:55 | Create | Villager (Male) |
| 21:59 | Create | Villager (Male) |
| 22:05 | Create | Villager (Male) |
Build order — MZTK | DeSilentio
First 150 of 415 actions detected
| 0:00 | Create | Villager (Male) |
| 0:01 | Create | Villager (Male) |
| 0:02 | Build | House |
| 0:03 | Build | House |
| 0:07 | Create | Villager (Male) |
| 0:15 | Create | Villager (Male) |
| 1:28 | Create | Villager (Male) |
| 1:29 | Create | Villager (Male) |
| 1:55 | Build | Lumber Camp |
| 2:05 | Create | Villager (Male) |
| 2:16 | Create | Villager (Male) |
| 2:16 | Create | Villager (Male) |
| 2:22 | Research | Loom |
| 2:28 | Create | Villager (Male) |
| 2:55 | Create | Villager (Male) |
| 3:59 | Build | Mill |
| 4:01 | Create | Villager (Male) |
| 4:01 | Create | Villager (Male) |
| 4:21 | Create | Villager (Male) |
| 5:25 | Create | Villager (Male) |
| 5:37 | Build | House |
| 5:52 | Create | Villager (Male) |
| 6:28 | Create | Villager (Male) |
| 6:41 | Create | Villager (Male) |
| 6:46 | Create | Villager (Male) |
| 7:06 | Create | Villager (Male) |
| 7:17 | Create | Villager (Male) |
| 7:23 | Create | Villager (Male) |
| 7:32 | Build | House |
| 8:47 | Build | Mining Camp |
| 8:48 | Create | Villager (Male) |
| 9:15 | Create | Villager (Male) |
| 9:19 | Create | Villager (Male) |
| 9:21 | Create | Villager (Male) |
| 9:30 | Research | Feudal Age |
| 9:30 | Research | Feudal Age |
| 11:48 | Create | Villager (Male) |
| 11:58 | Age | Feudal Age |
| 12:01 | Build | Market |
| 12:04 | Build | Blacksmith |
| 12:05 | Create | Villager (Male) |
| 12:18 | Build | House |
| 12:32 | Create | Villager (Male) |
| 13:11 | Research | Castle Age |
| 13:12 | Research | Castle Age |
| 13:17 | Build | Mining Camp |
| 13:39 | Build | Mill |
| 14:10 | Research | Double-Bit Axe |
| 14:43 | Research | Horse Collar |
| 14:43 | Research | Horse Collar |
| 15:09 | Create | Villager (Male) |
| 15:09 | Create | Villager (Male) |
| 15:49 | Create | Villager (Male) |
| 15:51 | Age | Castle Age |
| 16:23 | Build | Farm |
| 16:38 | Build | Farm |
| 16:39 | Build | Farm |
| 16:40 | Build | Farm |
| 16:54 | Create | Villager (Male) |
| 16:54 | Create | Villager (Male) |
| 17:14 | Build | Castle |
| 17:38 | Create | Villager (Male) |
| 17:40 | Create | Villager (Male) |
| 17:54 | Build | Palisade Wall |
| 17:56 | Build | Palisade Wall |
| 17:57 | Build | Palisade Wall |
| 17:59 | Build | Palisade Wall |
| 18:05 | Build | House |
| 18:13 | Create | Villager (Male) |
| 18:13 | Create | Villager (Male) |
| 18:13 | Create | Villager (Male) |
| 18:17 | Build | House |
| 18:19 | Build | House |
| 18:29 | Build | Barracks |
| 18:37 | Build | House |
| 18:43 | Research | Fletching |
| 18:43 | Create | Villager (Male) |
| 19:26 | Create | Petard |
| 19:40 | Create | Villager (Male) |
| 19:42 | Build | Farm |
| 19:43 | Build | Farm |
| 19:43 | Create | Villager (Male) |
| 19:45 | Build | Farm |
| 19:46 | Build | Farm |
| 19:57 | Create | Fire Lancer |
| 19:57 | Create | Villager (Male) |
| 20:05 | Create | Villager (Male) |
| 20:27 | Create | Fire Lancer |
| 20:28 | Create | Villager (Male) |
| 20:31 | Create | Villager (Male) |
| 20:38 | Create | Fire Lancer |
| 20:45 | Create | Villager (Male) |
| 20:52 | Create | Fire Lancer |
| 20:54 | Research | Scale Mail Armor |
| 20:55 | Create | Villager (Male) |
| 21:01 | Create | Villager (Male) |
| 21:05 | Research | Bow Saw |
| 21:06 | Research | Bow Saw |
| 21:28 | Create | Fire Lancer |
| 21:54 | Create | Fire Lancer |
| 22:05 | Create | Villager (Male) |
| 22:06 | Create | Villager (Male) |
| 22:14 | Build | Barracks |
| 22:18 | Create | Fire Lancer |
| 22:19 | Create | Villager (Male) |
| 22:19 | Create | Villager (Male) |
| 22:37 | Build | Farm |
| 22:38 | Create | Villager (Male) |
| 22:56 | Create | Fire Lancer |
| 23:01 | Build | House |
| 23:02 | Build | House |
| 23:02 | Create | Villager (Male) |
| 23:04 | Build | Farm |
| 23:04 | Create | Villager (Male) |
| 23:06 | Create | Fire Lancer |
| 23:13 | Create | Fire Lancer |
| 23:13 | Create | Fire Lancer |
| 23:23 | Build | House |
| 23:24 | Create | Villager (Male) |
| 23:30 | Create | Fire Lancer |
| 23:30 | Create | Fire Lancer |
| 23:51 | Build | Watch Tower |
| 23:59 | Research | Chain Mail Armor |
| 24:01 | Create | Fire Lancer |
| 24:01 | Create | Fire Lancer |
| 24:03 | Create | Villager (Male) |
| 24:07 | Build | House |
| 24:16 | Build | House |
| 24:16 | Create | Villager (Male) |
| 24:20 | Build | Farm |
| 24:22 | Build | Farm |
| 24:23 | Build | Farm |
| 24:39 | Create | Villager (Male) |
| 24:41 | Create | Fire Lancer |
| 24:41 | Create | Fire Lancer |
| 24:48 | Build | Farm |
| 24:49 | Build | House |
| 25:03 | Research | Bodkin Arrow |
| 25:03 | Research | Bodkin Arrow |
| 25:17 | Create | Villager (Male) |
| 25:39 | Create | Villager (Male) |
| 25:44 | Create | Villager (Male) |
| 25:56 | Build | Farm |
| 25:56 | Build | Farm |
| 25:57 | Build | Farm |
| 26:15 | Create | Villager (Male) |
| 26:27 | Build | Monastery |
| 26:37 | Build | Siege Workshop |
| 26:46 | Create | Fire Lancer |
| 26:46 | Create | Fire Lancer |
Build order — johnnyboy
First 150 of 290 actions detected
| 0:01 | Create | Villager (Male) ×4 |
| 0:03 | Build | House |
| 0:04 | Build | House |
| 1:25 | Create | Villager (Male) |
| 1:25 | Create | Villager (Male) |
| 1:47 | Build | Lumber Camp |
| 1:53 | Create | Villager (Male) |
| 2:18 | Create | Villager (Male) |
| 2:50 | Create | Villager (Male) |
| 3:17 | Create | Villager (Male) |
| 3:27 | Build | House |
| 3:54 | Create | Villager (Male) ×2 |
| 4:00 | Build | House |
| 4:43 | Create | Villager (Male) |
| 5:07 | Create | Villager (Male) |
| 5:18 | Build | Mill |
| 5:31 | Create | Villager (Male) |
| 5:53 | Create | Villager (Male) |
| 6:20 | Create | Villager (Male) |
| 6:31 | Build | Farm |
| 6:47 | Create | Villager (Male) |
| 7:13 | Build | Farm |
| 7:15 | Create | Villager (Male) |
| 7:40 | Build | Mining Camp |
| 7:42 | Create | Villager (Male) |
| 8:12 | Research | Feudal Age |
| 8:28 | Build | Farm |
| 9:03 | Build | Farm |
| 9:34 | Build | Farm |
| 10:21 | Create | Villager (Male) |
| 10:22 | Age | Feudal Age |
| 10:30 | Build | House |
| 10:38 | Build | House |
| 10:49 | Create | Villager (Male) |
| 10:58 | Build | Mill |
| 11:14 | Create | Villager (Male) |
| 11:22 | Build | House |
| 11:45 | Create | Villager (Male) |
| 11:54 | Research | Castle Age |
| 11:54 | Research | Castle Age |
| 12:07 | Research | Double-Bit Axe |
| 13:10 | Research | Horse Collar |
| 14:45 | Create | Villager (Male) |
| 14:46 | Create | Villager (Male) |
| 14:50 | Age | Castle Age |
| 14:53 | Build | Town Center |
| 15:00 | Build | Town Center |
| 15:04 | Research | Bow Saw |
| 15:11 | Build | Farm |
| 15:14 | Build | Farm |
| 15:44 | Create | Villager (Male) |
| 15:44 | Create | Villager (Male) |
| 16:06 | Create | Villager (Male) |
| 16:09 | Create | Villager (Male) ×5 |
| 16:14 | Build | Farm |
| 16:17 | Build | Farm |
| 16:22 | Create | Villager (Male) ×5 |
| 16:40 | Build | Farm |
| 16:45 | Build | Farm |
| 16:48 | Create | Villager (Male) |
| 16:58 | Research | Heavy Plow |
| 17:09 | Create | Villager (Male) ×3 |
| 17:14 | Build | Farm |
| 17:23 | Build | House |
| 17:24 | Build | House |
| 17:25 | Build | House |
| 17:26 | Build | House |
| 17:28 | Create | Villager (Male) |
| 17:32 | Build | Farm |
| 17:36 | Build | Farm |
| 17:38 | Create | Villager (Male) |
| 17:45 | Build | Farm |
| 17:48 | Create | Villager (Male) |
| 17:57 | Create | Villager (Male) |
| 18:00 | Build | Farm |
| 18:04 | Build | Farm |
| 18:12 | Create | Villager (Male) |
| 18:24 | Build | Farm |
| 18:27 | Build | Farm |
| 18:29 | Create | Villager (Male) ×2 |
| 18:36 | Build | House |
| 18:37 | Build | House |
| 18:39 | Create | Villager (Male) |
| 18:44 | Build | Farm |
| 18:46 | Create | Villager (Male) |
| 18:54 | Build | Farm |
| 18:56 | Create | Villager (Male) |
| 19:02 | Build | Farm |
| 19:03 | Create | Villager (Male) |
| 19:10 | Build | Farm |
| 19:11 | Create | Villager (Male) |
| 19:20 | Build | Farm |
| 19:21 | Build | Farm |
| 19:26 | Create | Villager (Male) ×2 |
| 19:29 | Build | Farm |
| 19:38 | Build | House |
| 19:39 | Build | House |
| 19:40 | Build | House |
| 19:46 | Create | Villager (Male) ×3 |
| 19:57 | Build | Farm |
| 20:00 | Build | Farm |
| 20:06 | Research | Wheelbarrow |
| 20:10 | Build | Farm |
| 20:12 | Create | Villager (Male) |
| 20:20 | Create | Villager (Male) ×2 |
| 20:32 | Build | House |
| 20:37 | Create | Villager (Male) ×3 |
| 20:45 | Build | Town Center |
| 21:09 | Build | Farm |
| 21:10 | Build | Farm |
| 21:11 | Build | Farm |
| 21:15 | Create | Villager (Male) ×5 |
| 21:23 | Build | Lumber Camp |
| 21:30 | Build | Farm |
| 21:31 | Build | Farm |
| 21:33 | Create | Villager (Male) ×5 |
| 21:36 | Build | House |
| 21:50 | Build | Farm |
| 21:51 | Build | Farm |
| 21:52 | Build | Farm |
| 22:04 | Build | House |
| 22:04 | Build | House |
| 22:05 | Build | House |
| 22:16 | Build | Farm |
| 22:17 | Build | Farm |
| 22:19 | Build | Farm |
| 22:20 | Build | Farm |
| 22:23 | Build | Farm |
| 22:24 | Build | Farm |
| 22:31 | Create | Villager (Male) ×5 |
| 22:35 | Build | Farm |
| 23:01 | Create | Villager (Male) ×5 |
| 23:18 | Build | House |
| 23:19 | Build | House |
| 23:30 | Build | Farm |
| 23:32 | Build | Farm |
| 23:36 | Build | Farm |
| 23:39 | Build | Farm |
| 23:42 | Create | Villager (Male) ×5 |
| 23:45 | Research | Hand Cart |
| 23:48 | Research | Gold Mining |
| 23:48 | Research | Stone Mining |
| 23:58 | Build | House |
| 23:59 | Build | House |
| 24:10 | Build | Farm |
| 24:12 | Create | Villager (Male) ×5 |
| 24:38 | Build | Castle |
| 24:44 | Create | Villager (Male) ×5 |
| 24:48 | Build | House |
| 24:49 | Build | House |
Build order — MZTK | Guss
First 150 of 415 actions detected
| 0:01 | Build | House |
| 0:02 | Build | House |
| 0:03 | Create | Villager (Male) |
| 0:03 | Create | Villager (Male) |
| 0:06 | Create | Villager (Male) |
| 0:06 | Create | Villager (Male) |
| 0:14 | Create | Villager (Male) |
| 1:32 | Create | Villager (Male) |
| 1:41 | Build | Lumber Camp |
| 1:52 | Create | Villager (Male) |
| 2:15 | Create | Villager (Male) |
| 2:41 | Create | Villager (Male) |
| 3:13 | Create | Villager (Male) |
| 3:54 | Build | House |
| 3:55 | Build | House |
| 3:57 | Build | House |
| 4:02 | Create | Villager (Male) |
| 4:04 | Create | Villager (Male) |
| 4:13 | Build | Mill |
| 4:38 | Create | Villager (Male) |
| 4:47 | Create | Villager (Male) |
| 5:30 | Create | Villager (Male) |
| 5:32 | Create | Villager (Male) |
| 6:02 | Create | Villager (Male) |
| 6:05 | Build | Mill |
| 6:32 | Create | Villager (Male) |
| 6:38 | Build | Mining Camp |
| 7:13 | Create | Villager (Male) |
| 7:23 | Create | Villager (Male) |
| 7:37 | Create | Villager (Male) |
| 7:43 | Create | Villager (Male) |
| 8:02 | Build | Farm |
| 8:17 | Create | Villager (Male) |
| 8:36 | Build | Farm |
| 8:53 | Build | Farm |
| 9:00 | Create | Villager (Male) |
| 9:12 | Research | Feudal Age |
| 9:15 | Build | Farm |
| 10:25 | Create | Villager (Male) |
| 10:52 | Create | Villager (Male) |
| 11:11 | Create | Villager (Male) |
| 11:15 | Age | Feudal Age |
| 11:17 | Create | Villager (Male) |
| 11:22 | Build | Blacksmith |
| 11:26 | Build | Market |
| 11:32 | Research | Double-Bit Axe |
| 11:36 | Build | House |
| 11:59 | Create | Villager (Male) |
| 12:08 | Build | House |
| 12:36 | Research | Castle Age |
| 13:04 | Research | Horse Collar |
| 13:13 | Build | Lumber Camp |
| 13:53 | Build | Farm |
| 13:55 | Build | Farm |
| 14:02 | Build | House |
| 14:06 | Build | House |
| 14:52 | Build | House |
| 15:10 | Create | Villager (Male) |
| 15:12 | Age | Castle Age |
| 15:22 | Build | Town Center |
| 15:37 | Build | Town Center |
| 15:38 | Create | Villager (Male) |
| 15:43 | Build | Farm |
| 15:48 | Create | Villager (Male) |
| 15:53 | Build | House |
| 16:12 | Create | Villager (Male) |
| 16:16 | Build | Farm |
| 16:17 | Build | Farm |
| 16:19 | Create | Villager (Male) |
| 16:34 | Create | Villager (Male) |
| 16:34 | Create | Villager (Male) |
| 16:38 | Build | House |
| 16:54 | Build | Farm |
| 16:56 | Research | Heavy Plow |
| 17:03 | Create | Villager (Male) |
| 17:18 | Build | Farm |
| 17:20 | Create | Villager (Male) |
| 17:31 | Build | House |
| 17:32 | Create | Villager (Male) |
| 17:33 | Create | Villager (Male) |
| 17:48 | Build | Town Center |
| 17:50 | Create | Villager (Male) |
| 17:54 | Create | Villager (Male) |
| 17:54 | Create | Villager (Male) |
| 18:06 | Create | Villager (Male) |
| 18:10 | Build | Farm |
| 18:11 | Build | Farm |
| 18:12 | Build | Farm |
| 18:13 | Build | Farm |
| 18:19 | Create | Villager (Male) |
| 18:19 | Create | Villager (Male) |
| 18:28 | Create | Villager (Male) |
| 18:40 | Create | Villager (Male) |
| 18:41 | Create | Villager (Male) |
| 18:51 | Create | Villager (Male) |
| 19:02 | Create | Villager (Male) |
| 19:13 | Build | Farm |
| 19:15 | Build | Farm |
| 19:25 | Create | Villager (Male) |
| 19:26 | Create | Villager (Male) |
| 19:32 | Create | Villager (Male) |
| 19:32 | Create | Villager (Male) |
| 19:32 | Create | Villager (Male) |
| 19:54 | Build | Farm |
| 19:55 | Build | Farm |
| 19:56 | Build | Farm |
| 19:57 | Build | Farm |
| 19:59 | Create | Villager (Male) |
| 20:03 | Create | Villager (Male) |
| 20:03 | Create | Villager (Male) |
| 20:03 | Research | Loom |
| 20:06 | Create | Villager (Male) |
| 20:06 | Create | Villager (Male) |
| 20:10 | Build | Farm |
| 20:10 | Build | Farm |
| 20:22 | Create | Villager (Male) |
| 20:22 | Create | Villager (Male) |
| 20:40 | Build | Farm |
| 20:41 | Build | Farm |
| 20:42 | Build | Farm |
| 20:44 | Build | Farm |
| 20:46 | Build | Farm |
| 20:47 | Build | Farm |
| 20:48 | Build | Farm |
| 20:50 | Build | Farm |
| 20:51 | Build | Farm |
| 20:51 | Build | Farm |
| 20:53 | Build | Farm |
| 20:54 | Build | Farm |
| 20:56 | Create | Villager (Male) |
| 20:58 | Create | Villager (Male) |
| 20:58 | Create | Villager (Male) |
| 20:58 | Create | Villager (Male) |
| 21:21 | Create | Villager (Male) |
| 21:21 | Create | Villager (Male) |
| 21:22 | Create | Villager (Male) |
| 21:34 | Research | Wheelbarrow |
| 21:49 | Create | Villager (Male) |
| 21:49 | Create | Villager (Male) |
| 21:57 | Create | Villager (Male) |
| 22:01 | Create | Villager (Male) |
| 22:02 | Create | Villager (Male) |
| 22:12 | Create | Villager (Male) |
| 22:16 | Create | Villager (Male) |
| 22:17 | Create | Villager (Male) |
| 22:17 | Create | Villager (Male) |
| 22:17 | Create | Villager (Male) |
| 22:29 | Build | Lumber Camp |
| 22:32 | Build | Farm |
| 22:33 | Build | Farm |
Build order — 教授
First 150 of 606 actions detected
| 0:00 | Create | Villager (Male) |
| 0:01 | Create | Villager (Male) |
| 0:01 | Create | Villager (Male) |
| 0:02 | Create | Villager (Male) |
| 0:02 | Create | Villager (Male) |
| 0:04 | Build | House |
| 0:05 | Build | House |
| 1:29 | Create | Villager (Male) |
| 1:29 | Create | Villager (Male) |
| 2:03 | Create | Villager (Male) |
| 2:03 | Create | Villager (Male) |
| 2:22 | Create | Villager (Male) |
| 2:22 | Create | Villager (Male) |
| 2:57 | Create | Villager (Male) |
| 2:58 | Create | Villager (Male) |
| 3:27 | Create | Villager (Male) |
| 3:28 | Create | Villager (Male) |
| 3:54 | Create | Villager (Male) |
| 3:54 | Create | Villager (Male) |
| 4:11 | Create | Villager (Male) |
| 4:13 | Build | House |
| 4:21 | Create | Villager (Male) |
| 4:21 | Create | Villager (Male) |
| 4:58 | Build | Mill |
| 5:13 | Create | Villager (Male) |
| 5:13 | Create | Villager (Male) |
| 5:20 | Create | Villager (Male) |
| 5:22 | Create | Villager (Male) |
| 5:39 | Create | Villager (Male) |
| 5:53 | Build | Mill |
| 6:35 | Create | Villager (Male) |
| 6:39 | Build | Farm |
| 6:54 | Build | House |
| 7:03 | Create | Villager (Male) |
| 7:53 | Create | Villager (Male) |
| 8:04 | Build | Mule Cart |
| 8:26 | Create | Villager (Male) |
| 8:29 | Create | Villager (Male) |
| 8:31 | Research | Feudal Age |
| 8:43 | Create | Villager (Male) |
| 8:43 | Research | Feudal Age |
| 9:19 | Build | Farm |
| 10:21 | Create | Villager (Male) |
| 10:22 | Create | Villager (Male) |
| 10:26 | Build | House |
| 11:27 | Age | Feudal Age |
| 11:29 | Build | Market |
| 12:18 | Create | Villager (Male) |
| 12:42 | Build | Blacksmith |
| 12:44 | Create | Villager (Male) |
| 13:11 | Research | Castle Age |
| 13:11 | Research | Castle Age |
| 13:40 | Build | House |
| 14:00 | Build | Mule Cart |
| 15:26 | Create | Villager (Male) |
| 15:51 | Age | Castle Age |
| 15:57 | Build | Castle |
| 16:07 | Build | Mule Cart |
| 16:12 | Create | Villager (Male) |
| 16:24 | Build | Town Center |
| 16:44 | Build | Farm |
| 16:45 | Create | Villager (Male) |
| 16:46 | Research | Loom |
| 16:47 | Create | Villager (Male) |
| 16:50 | Research | Scale Barding Armor |
| 16:51 | Research | Forging |
| 16:58 | Create | Villager (Male) |
| 17:13 | Build | Farm |
| 17:26 | Build | Farm |
| 17:28 | Build | Farm |
| 17:38 | Build | Farm |
| 17:59 | Build | Farm |
| 18:01 | Build | Farm |
| 18:03 | Create | Villager (Male) |
| 18:04 | Create | Villager (Male) |
| 18:08 | Build | Farm |
| 18:11 | Build | Farm |
| 18:11 | Build | Farm |
| 18:14 | Build | Farm |
| 18:26 | Build | Farm |
| 18:28 | Build | Farm |
| 18:30 | Create | Villager (Male) |
| 18:30 | Create | Villager (Male) |
| 18:30 | Create | Villager (Male) |
| 18:40 | Create | Villager (Male) |
| 18:40 | Create | Villager (Male) |
| 18:44 | Build | Farm |
| 18:51 | Build | Farm |
| 18:53 | Build | Farm |
| 18:56 | Research | Double-Bit Axe |
| 18:56 | Research | Double-Bit Axe |
| 19:07 | Create | Villager (Male) |
| 19:07 | Create | Villager (Male) |
| 19:10 | Build | Farm |
| 19:11 | Build | Farm |
| 19:11 | Build | Farm |
| 19:16 | Create | Villager (Male) |
| 19:16 | Create | Villager (Male) |
| 19:29 | Create | Villager (Male) |
| 19:38 | Create | Villager (Male) |
| 19:38 | Create | Villager (Male) |
| 19:42 | Build | Farm |
| 19:50 | Create | Villager (Male) |
| 19:55 | Create | Villager (Male) |
| 19:55 | Create | Villager (Male) |
| 19:59 | Build | Farm |
| 20:04 | Create | Monaspa |
| 20:04 | Create | Monaspa |
| 20:11 | Build | Farm |
| 20:13 | Build | Farm |
| 20:16 | Create | Villager (Male) |
| 20:20 | Build | Farm |
| 20:22 | Create | Villager (Male) |
| 20:22 | Create | Villager (Male) |
| 20:30 | Build | Farm |
| 20:35 | Create | Villager (Male) |
| 20:36 | Create | Villager (Male) |
| 20:36 | Create | Villager (Male) |
| 20:43 | Create | Monaspa |
| 20:50 | Build | Farm |
| 20:52 | Create | Villager (Male) |
| 20:58 | Create | Villager (Male) |
| 21:07 | Create | Monaspa |
| 21:08 | Create | Villager (Male) |
| 21:09 | Create | Villager (Male) |
| 21:22 | Create | Villager (Male) |
| 21:25 | Build | Farm |
| 21:26 | Create | Villager (Male) |
| 21:29 | Create | Villager (Male) |
| 21:34 | Create | Monaspa |
| 21:34 | Create | Monaspa |
| 21:35 | Create | Villager (Male) |
| 21:43 | Build | Farm |
| 21:48 | Build | Farm |
| 21:50 | Research | Horse Collar |
| 21:51 | Create | Villager (Male) |
| 21:56 | Create | Petard |
| 22:07 | Create | Petard |
| 22:19 | Research | Scale Mail Armor |
| 22:25 | Create | Villager (Male) |
| 22:30 | Create | Villager (Male) |
| 22:31 | Build | House |
| 22:32 | Build | House |
| 22:35 | Create | Villager (Male) |
| 23:08 | Create | Villager (Male) |
| 23:08 | Create | Villager (Male) |
| 23:10 | Create | Monaspa |
| 23:11 | Create | Monaspa |
| 23:11 | Create | Villager (Male) |
| 23:11 | Create | Villager (Male) |
Build order — 641627092
First 150 of 385 actions detected
| 0:00 | Create | Villager (Male) |
| 0:01 | Create | Villager (Male) |
| 0:01 | Create | Villager (Male) |
| 0:02 | Create | Villager (Male) |
| 0:05 | Build | House |
| 0:07 | Build | House |
| 1:26 | Create | Villager (Male) |
| 1:26 | Create | Villager (Male) |
| 2:05 | Create | Villager (Male) |
| 2:05 | Create | Villager (Male) |
| 2:10 | Build | Lumber Camp |
| 2:19 | Create | Villager (Male) |
| 2:19 | Create | Villager (Male) |
| 2:44 | Create | Villager (Male) |
| 3:06 | Build | House |
| 3:09 | Create | Villager (Male) |
| 3:38 | Create | Villager (Male) |
| 4:10 | Create | Villager (Male) |
| 4:30 | Build | Palisade Gate |
| 4:36 | Build | House |
| 4:45 | Build | Palisade Gate |
| 4:49 | Create | Villager (Male) |
| 4:49 | Create | Villager (Male) |
| 5:02 | Build | Palisade Wall |
| 5:03 | Create | Villager (Male) |
| 5:12 | Build | Palisade Gate |
| 5:17 | Build | Palisade Wall |
| 5:26 | Build | Palisade Wall |
| 5:29 | Create | Villager (Male) |
| 5:53 | Build | Mill |
| 6:20 | Create | Villager (Male) |
| 6:44 | Create | Villager (Male) |
| 7:00 | Research | Loom |
| 7:13 | Build | House |
| 7:26 | Create | Villager (Male) |
| 7:47 | Research | Feudal Age |
| 8:27 | Build | House |
| 8:45 | Create | Villager (Male) |
| 9:13 | Build | Mining Camp |
| 10:01 | Age | Feudal Age |
| 10:18 | Build | Blacksmith |
| 10:25 | Build | Market |
| 10:27 | Create | Villager (Male) |
| 10:46 | Create | Villager (Male) |
| 10:53 | Build | House |
| 10:59 | Build | House |
| 11:03 | Build | House |
| 11:12 | Create | Villager (Male) |
| 11:28 | Create | Villager (Male) |
| 11:34 | Build | Farm |
| 11:50 | Build | Farm |
| 12:04 | Build | Lumber Camp |
| 12:11 | Create | Villager (Male) |
| 12:30 | Create | Villager (Male) |
| 12:37 | Build | Farm |
| 12:48 | Build | House |
| 12:55 | Build | Farm |
| 12:59 | Create | Villager (Male) |
| 13:12 | Build | Farm |
| 13:23 | Create | Villager (Male) |
| 13:27 | Build | Farm |
| 13:38 | Build | Farm |
| 14:21 | Research | Castle Age |
| 14:27 | Build | Barracks |
| 15:13 | Research | Horse Collar |
| 15:15 | Research | Double-Bit Axe |
| 15:41 | Create | Villager (Male) |
| 15:49 | Build | Farm |
| 16:01 | Create | Villager (Male) |
| 16:09 | Build | Stable |
| 16:38 | Build | Stable |
| 16:41 | Build | House |
| 16:46 | Research | Forging |
| 17:01 | Age | Castle Age |
| 17:07 | Research | Bloodlines |
| 17:30 | Build | Siege Workshop |
| 17:36 | Research | Husbandry |
| 17:49 | Create | Villager (Male) |
| 17:56 | Build | Farm |
| 18:14 | Create | Camel Scout |
| 18:15 | Create | Camel Scout |
| 18:15 | Create | Camel Scout |
| 18:19 | Create | Villager (Male) |
| 18:32 | Build | Mining Camp |
| 18:44 | Build | House |
| 18:46 | Build | House |
| 18:50 | Create | Villager (Male) |
| 18:53 | Create | Camel Scout |
| 18:53 | Create | Camel Scout |
| 19:10 | Build | Stable |
| 19:10 | Create | Villager (Male) |
| 19:29 | Create | Villager (Male) |
| 19:38 | Build | Farm |
| 19:41 | Build | Farm |
| 19:42 | Create | Villager (Male) |
| 19:55 | Build | Town Center |
| 20:03 | Build | Farm |
| 20:11 | Build | Farm |
| 20:14 | Create | Camel Scout |
| 20:14 | Create | Camel Scout |
| 20:21 | Create | Villager (Male) |
| 20:52 | Create | Mangonel |
| 20:52 | Create | Mangonel |
| 20:57 | Create | Scout Cavalry |
| 21:04 | Build | Farm |
| 21:08 | Create | Villager (Male) |
| 21:09 | Create | Villager (Male) |
| 21:13 | Build | Farm |
| 21:17 | Create | Villager (Male) |
| 21:45 | Create | Camel Scout |
| 21:46 | Create | Camel Scout |
| 21:47 | Create | Villager (Male) |
| 21:59 | Create | Villager (Male) |
| 22:01 | Create | Villager (Male) |
| 22:03 | Build | Farm |
| 22:29 | Create | Camel Scout |
| 22:29 | Create | Camel Scout |
| 22:37 | Build | Farm |
| 22:41 | Build | Farm |
| 22:47 | Create | Villager (Male) |
| 22:51 | Build | Farm |
| 22:56 | Build | Farm |
| 23:04 | Create | Villager (Male) |
| 23:05 | Create | Villager (Male) |
| 23:10 | Build | Farm |
| 23:16 | Build | Mill |
| 23:19 | Build | Farm |
| 23:21 | Build | Farm |
| 23:27 | Build | Farm |
| 23:27 | Create | Villager (Male) |
| 23:29 | Create | Villager (Male) |
| 23:30 | Create | Villager (Male) |
| 23:45 | Create | Camel Scout |
| 23:48 | Create | Villager (Male) |
| 23:58 | Create | Villager (Male) |
| 24:03 | Create | Villager (Male) |
| 24:10 | Build | House |
| 24:12 | Build | House |
| 24:14 | Build | House |
| 24:23 | Create | Villager (Male) |
| 24:31 | Build | Lumber Camp |
| 24:47 | Research | Heavy Plow |
| 25:03 | Create | Camel Scout |
| 25:03 | Create | Villager (Male) |
| 25:08 | Build | Farm |
| 25:21 | Build | Farm |
| 26:01 | Build | Farm |
| 26:03 | Create | Villager (Male) |
| 26:13 | Create | Mangonel |
| 26:29 | Create | Villager (Male) |
Build order — MZTK | Orocar
First 150 of 597 actions detected
| 0:01 | Create | Villager (Male) |
| 0:01 | Create | Villager (Male) |
| 0:02 | Build | House |
| 0:03 | Build | House |
| 0:07 | Create | Villager (Male) |
| 0:07 | Create | Villager (Male) |
| 1:15 | Create | Villager (Male) |
| 1:15 | Create | Villager (Male) |
| 1:46 | Create | Villager (Male) |
| 1:49 | Build | Lumber Camp |
| 1:59 | Create | Villager (Male) |
| 2:20 | Create | Villager (Male) |
| 2:21 | Create | Villager (Male) |
| 2:46 | Create | Villager (Male) |
| 2:46 | Create | Villager (Male) |
| 3:14 | Build | House |
| 3:15 | Build | House |
| 3:17 | Create | Villager (Male) |
| 3:32 | Create | Villager (Male) |
| 3:56 | Create | Villager (Male) |
| 4:50 | Create | Villager (Male) |
| 5:11 | Create | Villager (Male) |
| 5:36 | Build | Mill |
| 5:46 | Create | Villager (Male) |
| 6:11 | Research | Loom |
| 6:15 | Create | Villager (Male) |
| 6:31 | Create | Villager (Male) |
| 6:53 | Create | Villager (Male) |
| 7:02 | Build | Mill |
| 7:24 | Build | Farm |
| 7:27 | Research | Feudal Age |
| 7:27 | Research | Feudal Age |
| 7:51 | Build | Farm |
| 9:05 | Build | House |
| 9:29 | Create | Villager (Male) |
| 9:41 | Age | Feudal Age |
| 9:50 | Build | Market |
| 10:12 | Create | Villager (Male) |
| 10:20 | Build | Blacksmith |
| 10:32 | Create | Villager (Male) |
| 10:49 | Build | Mining Camp |
| 11:18 | Build | Lumber Camp |
| 11:25 | Research | Castle Age |
| 11:42 | Build | Farm |
| 12:20 | Research | Double-Bit Axe |
| 12:21 | Research | Double-Bit Axe |
| 12:21 | Research | Horse Collar |
| 12:22 | Research | Horse Collar |
| 12:49 | Build | Mining Camp |
| 12:58 | Create | Villager (Male) |
| 14:05 | Age | Castle Age |
| 14:22 | Create | Villager (Male) |
| 14:39 | Create | Villager (Male) |
| 14:49 | Build | Town Center |
| 15:19 | Create | Villager (Male) |
| 15:37 | Research | Bow Saw |
| 15:37 | Research | Bow Saw |
| 15:52 | Create | Villager (Male) |
| 15:53 | Create | Villager (Male) |
| 16:19 | Create | Villager (Male) |
| 16:25 | Build | Farm |
| 16:25 | Build | Farm |
| 16:26 | Build | Farm |
| 16:26 | Build | Farm |
| 16:26 | Build | Farm |
| 16:29 | Build | Farm |
| 16:30 | Build | Farm |
| 16:32 | Create | Villager (Male) |
| 16:32 | Create | Villager (Male) |
| 16:34 | Create | Villager (Male) |
| 16:35 | Create | Villager (Male) |
| 16:44 | Build | Outpost |
| 16:48 | Build | Outpost |
| 16:53 | Create | Villager (Male) |
| 16:56 | Build | Farm |
| 17:03 | Build | House |
| 17:03 | Build | House |
| 17:14 | Research | Town Watch |
| 17:16 | Build | House |
| 17:33 | Create | Villager (Male) |
| 17:33 | Create | Villager (Male) |
| 17:39 | Build | Farm |
| 17:40 | Build | Farm |
| 17:50 | Build | House |
| 17:54 | Create | Villager (Male) |
| 17:54 | Create | Villager (Male) |
| 18:03 | Build | Town Center |
| 18:07 | Build | Farm |
| 18:08 | Build | Farm |
| 18:10 | Create | Villager (Male) |
| 18:10 | Create | Villager (Male) |
| 18:17 | Build | House |
| 18:18 | Build | House |
| 18:33 | Create | Villager (Male) |
| 18:33 | Create | Villager (Male) |
| 18:33 | Create | Villager (Male) |
| 18:48 | Create | Villager (Male) |
| 18:48 | Create | Villager (Male) |
| 18:52 | Build | House |
| 18:54 | Build | House |
| 19:06 | Build | House |
| 19:20 | Build | Farm |
| 19:21 | Create | Villager (Male) |
| 19:22 | Create | Villager (Male) |
| 19:25 | Create | Villager (Male) |
| 19:25 | Create | Villager (Male) |
| 19:25 | Create | Villager (Male) |
| 19:28 | Build | House |
| 19:29 | Build | House |
| 19:42 | Build | Farm |
| 19:43 | Build | Farm |
| 19:43 | Build | Farm |
| 19:46 | Create | Villager (Male) |
| 19:54 | Build | Farm |
| 19:59 | Create | Villager (Male) |
| 20:07 | Create | Villager (Male) |
| 20:12 | Build | Farm |
| 20:12 | Build | Farm |
| 20:16 | Create | Villager (Male) |
| 20:16 | Create | Villager (Male) |
| 20:18 | Create | Villager (Male) |
| 20:19 | Create | Villager (Male) |
| 20:19 | Create | Villager (Male) |
| 20:25 | Build | House |
| 20:26 | Build | House |
| 20:29 | Build | House |
| 20:30 | Build | House |
| 20:34 | Create | Villager (Male) |
| 20:34 | Create | Villager (Male) |
| 20:39 | Build | Farm |
| 20:42 | Build | Farm |
| 20:47 | Create | Villager (Male) |
| 20:48 | Create | Villager (Male) |
| 21:02 | Create | Villager (Male) |
| 21:06 | Research | Wheelbarrow |
| 21:07 | Research | Wheelbarrow |
| 21:13 | Build | Farm |
| 21:15 | Build | Farm |
| 21:16 | Create | Villager (Male) |
| 21:17 | Create | Villager (Male) |
| 21:38 | Create | Villager (Male) |
| 21:38 | Create | Villager (Male) |
| 21:38 | Create | Villager (Male) |
| 21:38 | Create | Villager (Male) |
| 21:39 | Create | Villager (Male) |
| 21:41 | Build | House |
| 21:47 | Build | Outpost |
| 21:51 | Create | Villager (Male) |
| 21:56 | Build | Farm |
| 21:57 | Build | Farm |
Match timeline
| 5:02 | 641627092 · wall_segment Palisade Wall x1 |
| 5:17 | 641627092 · wall_segment Palisade Wall x1 |
| 5:26 | 641627092 · wall_segment Palisade Wall x1 |
| 9:41 | MZTK | Orocar · age_up feudal |
| 10:01 | 641627092 · age_up feudal |
| 10:22 | johnnyboy · age_up feudal |
| 11:05 | MZTK | Orocar · first_market_sell 100 stone |
| 11:08 | gggggggggggg · age_up feudal |
| 11:15 | MZTK | Guss · age_up feudal |
| 11:21 | Jack :) · age_up feudal |
| 11:27 | 教授 · age_up feudal |
| 11:58 | MZTK | DeSilentio · age_up feudal |
| 14:05 | MZTK | Orocar · age_up castle |
| 14:09 | MZTK | DeSilentio · first_market_buy 100 food |
| 14:27 | 641627092 · first_building Barracks |
| 14:50 | johnnyboy · age_up castle |
| 14:54 | gggggggggggg · age_up castle |
| 15:01 | Jack :) · age_up castle |
| 15:12 | MZTK | Guss · age_up castle |
| 15:15 | gggggggggggg · first_building Monastery |
| 15:23 | Jack :) · first_market_buy 100 stone |
| 15:51 | 教授 · age_up castle |
| 15:51 | MZTK | DeSilentio · age_up castle |
| 15:57 | 教授 · first_building Castle |
| 16:09 | 641627092 · first_building Stable |
| 16:34 | MZTK | Orocar · first_market_buy 100 food |
| 17:01 | 641627092 · age_up castle |
| 17:14 | MZTK | DeSilentio · first_building Castle |
| 17:30 | 641627092 · first_building Siege Workshop |
| 17:54 | MZTK | DeSilentio · wall_segment Palisade Wall x1 |
| 17:56 | MZTK | DeSilentio · wall_segment Palisade Wall x1 |
| 17:57 | MZTK | DeSilentio · wall_segment Palisade Wall x1 |
| 17:59 | MZTK | DeSilentio · wall_segment Palisade Wall x1 |
| 18:19 | gggggggggggg · first_market_buy 100 food |
| 18:29 | MZTK | DeSilentio · first_building Barracks |
| 18:39 | MZTK | Guss · first_market_buy 100 food |
| 18:39 | 教授 · first_market_buy 100 food |
| 19:19 | MZTK | DeSilentio · first_market_sell 100 stone |
| 19:45 | Jack :) · first_building Monastery |
| 20:45 | 641627092 · first_market_buy 100 wood |
| 22:36 | MZTK | Orocar · first_building Castle |
| 23:18 | MZTK | Orocar · wall_segment Palisade Wall x1 |
| 23:21 | gggggggggggg · first_building Castle |
| 23:30 | MZTK | Orocar · wall_segment Palisade Wall x1 |
| 23:41 | MZTK | Guss · first_building Monastery |
| 24:38 | johnnyboy · first_building Castle |
| 24:50 | Jack :) · first_market_sell 100 wood |
| 25:21 | MZTK | Guss · first_building Barracks |
| 25:25 | Jack :) · first_building Barracks |
| 25:50 | johnnyboy · first_building Stable |
| 26:15 | MZTK | Guss · first_building Castle |
| 26:23 | johnnyboy · first_market_sell 100 food |
| 26:27 | MZTK | DeSilentio · first_building Monastery |
| 26:37 | MZTK | DeSilentio · first_building Siege Workshop |
| 26:41 | MZTK | Guss · first_building Stable |
| 27:12 | Jack :) · first_building Stable |
| 27:17 | gggggggggggg · first_building Barracks |
| 27:45 | Jack :) · first_building Castle |
| 27:49 | MZTK | Guss · first_market_sell 100 food |
| 28:07 | MZTK | Orocar · first_building Barracks |
| 28:10 | gggggggggggg · first_building Stable |
| 28:30 | 教授 · first_building Monastery |
| 28:41 | MZTK | Orocar · first_building Archery Range |
| 28:47 | 教授 · first_market_sell 100 stone |
| 29:03 | Jack :) · age_up imperial |
| 29:07 | MZTK | Guss · age_up imperial |
| 29:14 | 教授 · first_building Barracks |
| 29:33 | gggggggggggg · age_up imperial |
| 30:02 | johnnyboy · age_up imperial |
| 31:00 | MZTK | Orocar · age_up imperial |
| 31:07 | 教授 · age_up imperial |
| 31:30 | Jack :) · first_building Siege Workshop |
| 32:44 | 641627092 · first_market_sell 100 food |
| 33:51 | MZTK | Orocar · wall_segment Stone Wall x9 |
| 35:41 | MZTK | Orocar · wall_segment Stone Wall x4 |
| 38:07 | MZTK | DeSilentio · age_up imperial |
| 38:56 | 641627092 · age_up imperial |
| 39:26 | MZTK | DeSilentio · first_building Archery Range |
| 39:56 | Jack :) · first_building Archery Range |
| 40:54 | 教授 · wall_segment Palisade Wall x1 |
| 41:10 | Jack :) · wall_segment Stone Wall x6 |
| 42:09 | MZTK | DeSilentio · wall_segment Stone Wall x3 |
| 43:12 | 641627092 · first_building Castle |
| 44:24 | MZTK | Orocar · resign |
[ AI ANALYSIS · 1 CREDIT ]
What really happened in this match?
Wolo.gg analyzes every decision: build order, eco, micro, common mistakes by bracket. Personalized analysis on WhatsApp or Discord in 30 seconds.
Civ guide
Saracens
Perfil
Jugador #1102041